 Dungeon Crawl Stone Soup version 0.31-a0-365-gcf821cafb2 (webtiles) character file.

Game seed: 5301772585852780063

1721 hashsling the Fighter (level 9, -2/81 HPs)
             Began as a Barachi Gladiator on July 27, 2023.
             Was a Priest of Okawaru.
             Slain by a killer bee (8 damage)
             ... on level 6 of the Dungeon.
             The game lasted 00:22:10 (5157 turns).

hashsling the Fighter (Barachi Gladiator)           Turns: 5157, Time: 00:22:10

Health: -2/81      AC:  5    Str: 20    XL:     9   Next: 4%
Magic:  9/9        EV: 14    Int:  8    God:    Okawaru [***...]
Gold:   211        SH:  0    Dex: 18    Spells: 8/8 levels left

rFire   . . .        e - +10 spear "Zietak" {pain, rN+ rCorr Str+4}
rCold   . . .        (no shield)
rNeg    + . .        B - +1 leather armour {rPois}
rPois   +            c - +0 helmet
rElec   .            (no cloak)
rCorr   +            (no gloves)
SInv    .            (no boots)
Will    .....        E - amulet of faith
Stlth   +            (no ring)
HPRegen 0.33/turn    (no ring)
MPRegen 0.11/turn

%: faith
@: slow
A: amphibious, slowness 1, strong legs 1, +LOS
a: Hop, Renounce Religion, Heroism


You were on level 6 of the Dungeon.
You worshipped Okawaru.
Okawaru was most pleased with you.
You visited 2 branches of the dungeon, and saw 7 of its levels.

You collected 211 gold pieces.

Inventory:

Hand Weapons
 a - a +0 long sword
 e - the +10 spear "Zietak" (weapon) {pain, rN+ rCorr Str+4}
   (You found it on level 5 of the Dungeon)

   Str:       It affects your strength (+4).
   rN:        It protects you from negative energy.
   rCorr:     It protects you from acid and corrosion.
 k - a +2 short sword of venom
Missiles
 d - 3 throwing nets
 m - 2 boomerangs
 u - 13 poisoned darts (quivered)
 y - a javelin
Armour
 b - a +0 leather armour
 c - a +0 helmet (worn)
 g - a +0 ring mail
 i - a +0 scale mail
 j - a +0 chain mail
 B - a +1 leather armour of poison resistance (worn)
 C - a +2 leather armour of cold resistance
 D - a +3 plate armour
Jewellery
 E - an amulet of faith (around neck)
Wands
 o - a wand of flame (13)
Scrolls
 f - a scroll of fear {unknown}
 h - 7 scrolls of identify {unknown}
 q - a scroll of noise {unknown}
 s - 2 scrolls of teleportation {unknown}
 w - a scroll of silence {unknown}
 x - a scroll of immolation {unknown}
 z - a scroll of torment {unknown}
 A - a scroll of butterflies {unknown}
 F - 3 scrolls of fog {unknown}
Potions
 l - a potion of attraction {unknown}
 n - 2 potions of haste {unknown}
 p - a potion of invisibility {unknown}
 r - 2 potions of curing
 t - 2 potions of berserk rage {unknown}
 v - a potion of enlightenment {unknown}


   Skills:
 * Level 11.0 Fighting
 - Level 6.3 Long Blades
 - Level 3.0 Polearms
 - Level 2.0 Throwing
 - Level 2.0 Armour
 - Level 5.0 Dodging


You had 8 spell levels left.
You didn't know any spells.
Your spell library contained the following spells:

 Spells                   Type           Power      Damage    Failure   Level
 Ensorcelled Hibernation  Hex/Ice        0%         N/A       58%         2
 Passwall                 Tmut/Erth      0%         N/A       58%         2
 Wereblood                Tmut           0%         N/A       58%         2
 Swiftness                Air            0%         N/A       83%         3
 Irradiate                Conj/Tmut      0%         3d11      100%        5


Dungeon Overview and Level Annotations

Branches:
Dungeon (6/15)             Temple (1/1) D:4

Altars:
Ashenzari
Cheibriados
Dithmenos
Elyvilon
Gozag
Hepliaklqana
Kikubaaqudgha
Makhleb
Nemelex Xobeh
Okawaru
Qazlal
Ru
Sif Muna
Trog
Uskayaw
Vehumet
Wu Jian
Xom
Yredelemnul
Zin
The Shining One


Innate Abilities, Weirdness & Mutations

You are amphibious.
You cover ground slowly.
You can hop short distances.
You have an extended range of vision and can be seen from far away.


Message History

The killer bee stings you!
* * * LOW HITPOINT WARNING * * *
The killer bee barely misses you.
You miss the killer bee.
The killer bee is severely wounded.
The killer bee barely misses you.
The killer bee stings you but does no damage.
You miss the killer bee.
The killer bee is severely wounded.
The killer bee barely misses you. The killer bee stings you.
* * * LOW HITPOINT WARNING * * *
You miss the killer bee.
The killer bee is severely wounded.
The killer bee stings you.
* * * LOW HITPOINT WARNING * * *
The killer bee barely misses you.
You feel better. The killer bee stings you.
* * * LOW HITPOINT WARNING * * *
The killer bee stings you.
* * * LOW HITPOINT WARNING * * *
You feel better. The killer bee closely misses you.
The killer bee stings you but does no damage.
You miss the killer bee.
The killer bee is severely wounded.
The killer bee completely misses you.
The killer bee stings you but does no damage.
You miss the killer bee.
The killer bee is severely wounded.
The killer bee stings you but does no damage.
You puncture the killer bee!
You kill the killer bee!
Okawaru accepts your kill.
The killer bee stings you but does no damage.
Your Fighting skill increases to level 11!
You puncture the killer bee!
The killer bee is heavily wounded.
The killer bee stings you.
* * * LOW HITPOINT WARNING * * *
The killer bee stings you!
You die...

## #####.#####.#
.###.....#..##.#
.....#####..##.# ###..## #.....#
####..####.#####
.........#.#####################
).........................(...>#
####.......###################.#
#†###.###..yy@.....##....##.#
#.# #.# #.########.##.##....#
#.# #...y.# #†##.##.##.# ####.#
#####.# #....##.##..# .....# #y#
##########... ####.# #$# ♣..♣ #
### #.. ♣♣.♣ #### #.# .♣ ...#
#.. .♣


You could see 2 killer bees.

Vanquished Creatures
  Eustachio (D:5)
  A water moccasin (D:5)
  An ice beast (D:6)
  3 sky beasts
  3 ogres
  2 bullfrogs
  A scorpion (D:5)
  3 killer bees (D:6)
  4 hounds
  2 sleepcaps (D:5)
  6 orc wizards
  A gnoll (D:3)
  9 adders
  A white imp (D:5)
  5 worms
  2 dart slugs
  10 orcs
  5 ball pythons
  An endoplasm (D:1)
  6 giant cockroaches
  4 goblins
  7 hobgoblins
  4 jackals
  5 quokkas
  5 bats
  3 frilled lizards
  3 kobolds
  3 rats
101 creatures vanquished.

Vanquished Creatures (others)
  An orc wizard (D:5)
1 creature vanquished.

Grand Total: 102 creatures vanquished

Notes
Turn   | Place    | Note
-------+----------+-------------------------------------------
     0 | D:1      | hashsling the Barachi Gladiator began the quest for the
                  | Orb.
     0 | D:1      | Reached XP level 1. HP: 17/17 MP: 1/1
   216 | D:1      | Reached XP level 2. HP: 23/23 MP: 2/2
   281 | D:1      | Found a faded altar of an unknown god.
  1042 | D:2      | Reached XP level 3. HP: 27/28 MP: 3/3
  1148 | D:2      | Reached skill level 3 in Fighting
  1148 | D:2      | Reached skill level 5 in Long Blades
  1325 | D:2      | Reached XP level 4. HP: 24/35 MP: 4/4
  1860 | D:3      | Reached skill level 4 in Fighting
  2065 | D:3      | Reached XP level 5. HP: 42/42 MP: 5/5
  2843 | D:4      | Found a white marble altar of Elyvilon.
  2901 | D:4      | Found a glowing golden altar of the Shining One.
  3015 | D:4      | Found an ornate altar of the Wu Jian Council.
  3152 | D:4      | Found a staircase to the Ecumenical Temple.
  3163 | Temple   | Entered the Ecumenical Temple
  3190 | Temple   | Became a worshipper of Warmaster Okawaru
  3293 | D:4      | Found a shimmering blue altar of Sif Muna.
  3370 | D:5      | Entered Level 5 of the Dungeon
  3370 | D:5      | Noticed a sky beast
  3385 | D:5      | Reached skill level 5 in Fighting
  3385 | D:5      | Reached skill level 1 in Armour
  3385 | D:5      | Reached XP level 6. HP: 16/51 MP: 6/6
  3390 | D:4      | Killed a sky beast
  3570 | D:5      | Reached skill level 6 in Fighting
  3649 | D:5      | Identified the +10 spear "Zietak" {pain, rN+ rCorr Str+4}
  3678 | D:5      | Found an opulent altar of Gozag.
  3749 | D:5      | Noticed Eustachio
  3757 | D:5      | Reached XP level 7. HP: 43/58 MP: 7/7
  3973 | D:5      | Killed Eustachio
  3973 | D:5      | Reached * piety under Okawaru
  4103 | D:5      | Found a stormy altar of Qazlal.
  4137 | D:5      | Reached skill level 7 in Fighting
  4172 | D:5      | Reached ** piety under Okawaru
  4173 | D:5      | Reached XP level 8. HP: 50/68 MP: 8/8
  4181 | D:5      | Reached skill level 8 in Fighting
  4349 | D:5      | Found a glowing silver altar of Zin.
  4439 | D:5      | Found a sparkling altar of Nemelex Xobeh.
  4521 | D:5      | Reached skill level 9 in Fighting
  4848 | D:6      | Found a broken altar of Ashenzari.
  4940 | D:6      | Reached skill level 10 in Fighting
  5074 | D:6      | Reached *** piety under Okawaru
  5075 | D:6      | Reached skill level 5 in Dodging
  5143 | D:6      | Reached XP level 9. HP: 24/79 MP: 9/9
  5151 | D:6      | HP: 2/79 [killer bee (5)]
  5157 | D:6      | Reached skill level 11 in Fighting
  5157 | D:6      | Slain by a killer bee

Illustrated notes

Levels and vault maps discovered:
D:1:      dpeg_arrival_tiny_h, layout_loops_corners,
          hellmonk_ecumenical_altar_defaced_shrine, st_stairs_4
D:2:      layout_loops_cross, minmay_octomino_j4
D:3:      cheibrodos_old_hovel, layout_basic, nicolae_the_louvre
D:4:      layout_cave_pools, nicolae_tso_carved_into_rock,
          mainiacjoe_overflow_alcove_1, elyvilon_altar_5,
          nzn_wu_jian_contemplation, minmay_temple_entry_crystal_x
D:5:      layout_rooms, mainiacjoe_overflow_concentric_impassable,
          nicolae_gozag_seed_capital, kennysheep_mini_moat, grunt_qazlal_clouds,
          minmay_a_box_with_orc_wizards_in_it, uniq_eustachio
D:6:      layout_basic, ashenzari_conservatory_becter, fedhas_altar_4
Temple:   chequers_temple_sunken

Skill      XL: |  1  2  3  4  5  6  7  8  9 |
---------------+----------------------------+-----
Long Blades    | 4 5 6 |  6.3
Fighting       | 3 4 5 6 7 10 11 | 11.0
Dodging        | 4 5 |  5.0
Armour         | 1 2 |  2.0
Polearms       | 3 |  3.0
Throwing       | |  2.0

Action                     |  1- 3 |  4- 6 |  7- 9 || total
---------------------------+-------+-------+-------++-------
  Melee: Long sword        |    47 |       |       ||    47
         Short sword       |    44 |   157 |       ||   201
         Punch             |       |     2 |     1 ||     3
         Spear             |       |     6 |   167 ||   173
  Throw: Javelin           |     2 |     1 |       ||     3
         Dart              |     4 |    26 |     4 ||    34
         Boomerang         |     3 |     4 |     6 ||    13
Ability: Hop               |       |     1 |     1 ||     2
    Use: Potion            |       |       |     3 ||     3
   Stab: Sleeping          |     1 |       |       ||     1
 Armour: Leather armour    |    27 |     3 |    26 ||    56
         Ring mail         |       |    51 |    23 ||    74
  Dodge: Dodged            |    47 |    82 |   109 ||   238

Table legend: (Time is in decaauts)
 A = Elapsed time spent in this place.
 B = Non-inter-level travel time spent in this place.
 C = Inter-level travel time spent in this place.
 D = Time resting spent in this place.
 E = Time spent auto-exploring this place.
 F = Levels seen in this place.
 G = Mean time per level.
                   A        B        C        D        E       F      G
               +--------+--------+--------+--------+--------+-----+--------+
         Total |   5852 |   5381 |    471 |    188 |   4112 |   7 |  836.0 |
       Dungeon |   5788 |   5377 |    411 |    188 |   4112 |   6 |  964.7 |
        Temple |     64 |      4 |     60 |      0 |      0 |   1 |   64.0 |
               +--------+--------+--------+--------+--------+-----+--------+

Top non-repeatable levels by time:
     D:1: 1178 daAuts
     D:5: 1151 daAuts
     D:3: 1106 daAuts
     D:4: 1022 daAuts
     D:2: 797 daAuts
     D:6: 532 daAuts
  Temple: 64 daAuts
